cohdb
Replays
Latest Replays
All Replays
Popular Replays
Top Player Replays
Match Explorer
How It Works
Community
CoH3 Stats
Reddit
Sign in to upload your games and track your stats! →
Sign in with Steam
Match 42718778
Unlisted
Match 42718778
Overview
Messages
Build Orders
End
Panzergrenadier Squad
Selects Panzerjäger Kommand Battlegroup
Selects Mine Fields
250 Light Carrier
Panzergrenadier Squad
Construct Light Support Kompanie
Selects Tank Busters
MG34 Team
Combat Half-tracks
Fire Support Elements
Flakvierling Half-track
2.5-tonne Medical Truck
Panzerjäger Squad
Forward Retreat Point
Vehicle Survival Package
Panzerjäger Squad
Veteran Squad Leaders
Selects Defensive Positions
Construct Panzerarmee Kommand
Selects Butterfly Bomb Drop
Walking Stuka Rocket Launcher
Flak 36 Anti-tank Gun Team
Selects Crew Shock Tactics
Armored Reserves
Tiger Heavy Tank
Crew Shock Tactics
Selects Anti-tank Overwatch
Rapid Advance
Butterfly Bomb Drop
LeopoldStotch
Strategist
hillerino
MrXanathos
SneaKerz
gb_gbg
Greekminer2
♂ASS WE CAN♂
0
0
Comments
sign in to comment!
No comments posted yet!